 Dungeon Crawl Stone Soup version 0.28-a0-724-g66f9036eb4 (webtiles) character file.

Game seed: 15387859187750420323

322585 ytrimaz the Executioner (level 22, -1/291 HPs)
             Began as a Formicid Fighter on Oct 26, 2021.
             Was a High Priest of Okawaru.
             Slain by an azure jelly (16 damage)
             ... created by the Royal Jelly
             ... on level 5 of the Pits of Slime.
             The game lasted 01:31:44 (47423 turns).

ytrimaz the Executioner (Formicid Fighter)         Turns: 47423, Time: 01:31:46

Health: -1/291     AC: 31    Str: 28    XL:     22   Next: 51%
Magic:  0/39       EV:  2    Int: 11    God:    Okawaru [*****.]
Gold:   2064       SH: 23    Dex: 13    Spells: 21/21 levels left

rFire   . . .      SeeInvis .   E - +5 battleaxe (flame)
rCold   . . .      Faith    .   d - +5 tower shield
rNeg    + . .      Spirit   +   (armour currently unavailable)
rPois   +          Reflect  .   (helmet unavailable)
rElec   +          Harm     .   (cloak currently unavailable)
rCorr   .          Rampage  .   (gloves currently unavailable)
Will    +++..                   (boots currently unavailable)
Stlth   +.........              j - amulet of Vole {Spirit Regen+ Dex+3}
HPRegen 1.58/turn               Z - ring "Nahykkag" {rElec rN+ Will+ MP+9 Slay-3}
MPRegen 0.26/turn               a - ring of poison resistance

@: tree-form, finesse-ful, engulfed, studying Axes
A: stationary, stasis, torment immunity, boosted hp, permanent stasis, dig
shafts and tunnels, (antennae 3), four strong arms, screaming 1
}: 2/15 runes: decaying, serpentine
a: Renounce Religion, Heroism, Finesse, Duel


You were on level 5 of the Pits of Slime.
You worshipped Okawaru.
Okawaru was extremely pleased with you.
You were a tree.
You visited 8 branches of the dungeon, and saw 40 of its levels.
You visited 1 bazaar.
You also visited: Bailey and Gauntlet.

You collected 4747 gold pieces.
You spent 2683 gold pieces at shops.

Inventory:

Hand Weapons
 y - a +5 executioner's axe of freezing
 z - the +8 trident of the Octopus King {venom, rElec rPois Will+}
   (You found it in a bailey)

   It poisons the flesh of those it strikes.
   rElec:     It insulates you from electricity.
   rPois:     It protects you from poison.
   Will:      It increases your willpower.
 A - the +8 trident of Demand {venom, rElec rF++ Int+5}
   (You bought it in a shop on level 2 of the Orcish Mines)

   It poisons the flesh of those it strikes.
   Int:       It affects your intelligence (+5).
   rF:        It greatly protects you from fire.
   rElec:     It insulates you from electricity.
 E - a +5 battleaxe of flaming (weapon)
 J - a +3 executioner's axe of holy wrath
Missiles
 k - 2 throwing nets
Armour
 d - a +5 tower shield (worn)
 s - +2 fire dragon scales
 B - a +2 pair of boots of rampaging (melded)
 F - the +6 plate armour "Vipra" (melded) {Will+ Str+3}
   (You acquired it on level 14 of the Dungeon)

   Str:       It affects your strength (+3).
   Will:      It increases your willpower.
 H - a +2 pair of gloves of strength (melded)
 P - a +2 cloak of preservation (melded)
Jewellery
 a - a ring of poison resistance (right branch)
 h - a ring of fire
 j - the amulet of Vole (around neck) {Spirit Regen+ Dex+3}
   (You found it in a Gauntlet)

   [amulet of guardian spirit]

   It causes incoming damage to be divided between your reserves of health and
   magic.
   Dex:       It affects your dexterity (+3).
   Regen:     It increases your rate of health regeneration.
 n - an amulet of regeneration
 v - a ring of protection from fire
 x - a ring of protection from cold
 Q - the ring "Riofo" {rElec rF+ Will+ Int+3 Dex-5}
   (You took it off a deep elf blademaster on level 3 of the Elven Halls)

   [ring of willpower]

   Int:       It affects your intelligence (+3).
   Dex:       It affects your dexterity (-5).
   rF:        It protects you from fire.
   rElec:     It insulates you from electricity.
   Will:      It increases your willpower.
 S - the ring "Zusyo" {Will+ MP+9 Int-3 Dex+8 Slay+2}
   (You took it off a deep elf death mage on level 3 of the Elven Halls)

   [ring of willpower]

   Int:       It affects your intelligence (-3).
   Dex:       It affects your dexterity (+8).
   Slay:      It affects your accuracy & damage with ranged weapons and melee
   (+2).
   MP:        It affects your magic capacity (+9).
   Will:      It increases your willpower.
 U - the ring "Waokluss" {Wiz rN+ Str+2 Stlth+}
   (You took it off a deep elf annihilator on level 3 of the Elven Halls)

   [ring of wizardry]

   It improves your spell success rate.
   Str:       It affects your strength (+2).
   rN:        It protects you from negative energy.
   Stlth:     It makes you more stealthy.
 Z - the ring "Nahykkag" (left branch) {rElec rN+ Will+ MP+9 Slay-3}
   (You found it on level 2 of the Lair of Beasts)

   [ring of positive energy]

   Slay:      It affects your accuracy & damage with ranged weapons and melee
   (-3).
   rElec:     It insulates you from electricity.
   rN:        It protects you from negative energy.
   MP:        It affects your magic capacity (+9).
   Will:      It increases your willpower.
Wands
 b - a wand of iceblast (28)
 c - a wand of mindburst (15)
 u - a wand of acid (25)
 w - a wand of paralysis (13)
 D - a wand of polymorph (29)
 M - a wand of flame (29)
 R - a wand of digging (8)
Scrolls
 m - 7 scrolls of fear
 o - 3 scrolls of holy word
 t - a scroll of immolation
 C - a scroll of brand weapon
 O - a scroll of magic mapping
 V - 13 scrolls of identify
Potions
 e - 3 potions of mutation
 l - a potion of cancellation
 p - a potion of ambrosia
 q - 4 potions of lignification
 r - 7 potions of resistance
 G - a potion of brilliance
 I - 3 potions of magic
 N - 10 potions of curing
 W - a potion of flight
 X - 2 potions of might
 Y - 3 potions of heal wounds


   Skills:
 + Level 21.5 Fighting
 - Level 23.8(24.0) Axes
 - Level 1.1(15.8) Maces & Flails
 - Level 4.9(16.4) Polearms
 * Level 19.6 Armour
 - Level 15.0 Shields
 - Level 11.0 Invocations
 - Level 0.4 Evocations


You had 21 spell levels left.
You didn't know any spells.
Your spell library contained the following spells:

 Spells                   Type           Power      Damage    Failure   Level
 Apportation              Tloc           0%         N/A       34%         1
 Sandblast                Erth           0%         2d4       34%         1
 Sting                    Tmut/Pois      0%         1d3       34%         1
 Passwall                 Tmut/Erth      0%         N/A       47%         2
 Poisonous Vapours        Pois/Air       0%         N/A       47%         2
 Sublimation of Blood     Necr           0%         N/A       47%         2
 Conjure Flame            Conj/Fire      0%         6-21      71%         3
 Dazzling Flash           Conj/Hex       0%         N/A       71%         3
 Frozen Ramparts          Ice            0%         1d2       71%         3
 Ignite Poison            Fire/Tmut/Pois 0%         N/A       71%         3
 Inner Flame              Hex/Fire       0%         N/A       71%         3
 Ozocubu's Armour         Ice            0%         N/A       71%         3
 Portal Projectile        Hex/Tloc       0%         N/A       71%         3
 Stone Arrow              Conj/Erth      0%         3d7       71%         3
 Cause Fear               Hex            0%         N/A       98%         4
 Fulminant Prism          Conj/Hex       0%         3d6       98%         4
 Hailstorm                Conj/Ice       0%         3d3       98%         4
 Ice Form                 Ice/Tmut       0%         N/A       98%         4
 Iskenderun's Mystic Bla  Conj/Tloc      0%         2d3       98%         4
 Leda's Liquefaction      Hex/Erth       0%         N/A       98%         4
 Olgreb's Toxic Radiance  Pois           0%         N/A       98%         4
 Petrify                  Tmut/Erth      0%         N/A       98%         4
 Sticky Flame             Conj/Fire      0%         2d3       98%         4
 Blade Hands              Tmut           0%         N/A       100%        5
 Irradiate                Conj/Tmut      0%         3d14      100%        5
 Lee's Rapid Deconstruct  Erth           0%         3d5*      100%        5
 Manifold Assault         Tloc           0%         N/A       100%        5
 Dispersal                Tloc           0%         N/A       100%        6
 Iron Shot                Conj/Erth      0%         9d1       100%        6
 Starburst                Conj/Fire      0%         6d3       100%        6
 Orb of Destruction       Conj           0%         N/A       100%        7
 Ozocubu's Refrigeration  Ice            0%         4d5       100%        7
 Storm Form               Tmut/Air       0%         N/A       100%        7
 Discord                  Hex            0%         N/A       100%        8
 Disjunction              Tloc           0%         N/A       100%        8
 Summon Small Mammal      Summ           Unusable   N/A       N/A         1
 Call Canine Familiar     Summ           Unusable   N/A       N/A         3
 Summon Guardian Golem    Hex/Summ       Unusable   N/A       N/A         3
 Animate Armour           Summ/Erth      Unusable   N/A       N/A         4
 Summon Ice Beast         Ice/Summ       Unusable   N/A       N/A         4
 Simulacrum               Ice/Necr       Unusable   N/A       N/A         6
 Malign Gateway           Summ/Tloc      Unusable   N/A       N/A         7
 Spellforged Servitor     Conj/Summ      Unusable   N/A       N/A         7

Dungeon Overview and Level Annotations

Branches:
Dungeon (15/15)            Temple (1/1) D:5            Lair (6/6) D:9
  Swamp (4/4) Lair:4        Snake (4/4) Lair:4        Slime (5/5) Lair:6
    Orc (2/2) D:10            Elf (3/3) Orc:2        Vaults (0/5) D:13
 Depths (0/4) D:15         Bailey (visited)         Gauntlet (visited)

Altars:
Ashenzari
Cheibriados
Dithmenos
Elyvilon
Fedhas
Gozag
Hepliaklqana
Kikubaaqudgha
Makhleb
Nemelex Xobeh
Okawaru
Qazlal
Ru
Sif Muna
Trog
Uskayaw
Vehumet
Wu Jian
Xom
Yredelemnul
Zin
The Shining One
Beogh
Jiyva

Shops:
D:5 *   D:6 [   D:7 :   Orc:2 (!=[   Elf:1 (   Snake:3 =(*[=   Snake:4 ?(*=

Portals:
Hell: Lair:6
Trove: D:12 (give 6 scrolls of fog)

Annotations:
D:3 2 transporters, lawman0's ghost, weakling DsVM
D:10 3 runed translucent doors, exclusion: ice statue, ytrimaz's ghost, journeyman FoFi
Lair:2 exclusion: oklob plant
Snake:2 2 transporters, jasper's ghost, adept DsAr


Innate Abilities, Weirdness & Mutations

You are a tree.
Your roots penetrate the ground, keeping you stationary.
You cannot be teleported.
You are immune to unholy pain and torment.
Your maximum health is greatly increased.
Your equipment is partially melded.
You cannot be hasted, slowed, berserked, paralysed or teleported.
You can dig through walls and to a lower floor.
((You have a pair of large antennae on your head. (SInv)))
Your four strong arms can wield two-handed weapons with a shield.
You occasionally shout uncontrollably at your foes.


Message History

The quicksilver ooze closely misses you.
The rockslime hits you but does no damage.
The azure jelly hits you but does no damage.
The azure jelly hits you. The azure jelly freezes you!!!
* * * LOW HITPOINT WARNING * * *
You block the azure jelly's attack.
The azure jelly hits you but does no damage. x4
You block the azure jelly's attack.
You cannot read scrolls while unable to breathe!
Unknown command.
Okay, then.
Unknown command.
You cannot read scrolls while unable to breathe!
Really quaff the potion of lignification?
You turn into a tree.
Your +2 cloak of preservation melds into your body.
Your +2 pair of gloves of strength melds into your body.
Your +2 pair of boots of rampaging melds into your body.
The +6 plate armour "Vipra" {Will+ Str+3} melds into your body.
You feel weaker.
You no longer feel able to rampage towards enemies.
Your roots penetrate the ground.
You block the quicksilver ooze's attack. x2
You block the azure jelly's attack.
The azure jelly hits you but does no damage.
You block the azure jelly's attack.
The azure jelly hits you but does no damage.
The rockslime hits you!!
* * * LOW HITPOINT WARNING * * *
The azure jelly hits you but does no damage.
The azure jelly hits you.
* * * LOW HITPOINT WARNING * * *
The azure jelly freezes you!!
* * * LOW HITPOINT WARNING * * *
The azure jelly hits you but does no damage. x5
You block the azure jelly's attack. The azure jelly barely misses you.
The azure jelly hits you.
* * * LOW HITPOINT WARNING * * *
The azure jelly freezes you!
You die...

#..................##
####..................#
.......#...#..........J........#
#._..#...#....................###
##..########....................#
:#.##[#?(# ##...................#
##J.##(| #....J...............#
##J#) ##...JJJJ..............
#..# ##...JJ♣JJ............#.
#.## #.....JJJ.............##
#..# ##...................###
###.#####.....................#
....#.##.....................##
.............................#
............................#.#
..............................#
............................###


You could see 3 acid blobs, 4 azure jellies, a rockslime and 5 quicksilver
oozes.

Vanquished Creatures
  the Royal Jelly (Arena)
  Saint Roka (Arena)
  Vashnia (Snake:2)
  the Lernaean hydra (Swamp:4)
  Nikola (Snake:2)
  2 tentacled monstrosities (Swamp:3)
  Rupert (D:15)
  6 deep elf blademasters
  Jorgrun (Elf:2)
  Asterion (Snake:1)
  13 acid blobs
  3 deep elf master archers
  Frances (D:13)
  2 thorn hunters
  5 nagarajas (Snake:4)
  Agnes (D:15)
  4 rockslimes
  5 azure jellies
  5 deep elf sorcerers
  Louise (Snake:1)
  Aizul (Snake:1)
  2 deep elf elementalists (Elf:3)
  5 quicksilver oozes
  A dire elephant (Lair:6)
  The ghost of ytrimaz the Carver, a journeyman FoFi of Okawaru (D:14)
  4 bunyips
  6 deep elf annihilators (Elf:3)
  2 deep elf demonologists (Elf:3)
  A minotaur (Gauntlet)
  8 deep elf death magi
  A green death (Gauntlet)
  10 eleionomae
  4 great orbs of eyes
  A deep elf high priest (Elf:3)
  25 hydras
  A shambling mangrove (Swamp:3)
  Josephine (Orc:2)
  4 vault guards (D:13)
  7 salamander tyrants (Snake:4)
  13 naga warriors
  6 ogre magi
  3 catoblepae
  A ghost crab (Swamp:3)
  2 boulder beetles
  5 anacondas
  24 two-headed ogres
  5 centaur warriors
  25 dancing weapons
  9 shock serpents
  A titan zombie (D:15)
  9 alligators
  2 tengu warriors (D:15)
  5 death yaks (Lair:6)
  5 spriggans
  16 deep elf knights
  12 naga sharpshooters
  7 goliath frogs
  3 sixfirhies
  2 skeletal warriors
  A deep troll (shapeshifter) (Elf:1)
  A spark wasp zombie (D:15)
  4 salamander mystics
  3 spriggan druids
  11 swamp dragons
  15 deep elf archers
  9 naga ritualists
  2 sea snakes (Snake:3)
  4 lindwurms
  11 bog bodies
  24 deep elf pyromancers
  2 orc knights
  2 wizards
  A mana viper (shapeshifter) (Elf:3)
  23 deep elf zephyrmancers
  2 orc sorcerers (Elf:1)
  12 mana vipers
  2 oklob plants (Lair:1)
  2 necromancers
  20 salamanders
  17 ugly things
  4 manticores
  3 will-o-the-wisps
  2 shining eyes
  4 cyclopes
  14 elephants
  47 black mambas
  A smoke demon (Lair:6)
  13 guardian serpents
  An eye of devastation (Slime:5)
  A gargoyle (D:12)
  13 cane toads
  16 naga magi
  3 orange demons
  Psyche (D:12)
  A spriggan zombie (D:15)
  5 rime drakes
  7 komodo dragons
  A kobold demonologist (D:14)
  2 spriggan skeletons (Swamp:3)
  3 ice devils (Lair:6)
  A tengu conjurer (D:13)
  6 meliai (D:13)
  A red devil (Lair:6)
  8 trolls
  2 polar bears (Lair:6)
  5 hornets
  A death drake zombie (Swamp:3)
  5 tyrant leeches
  54 slime creatures
  27 blink frogs
  5 dream sheep (Lair:6)
  6 air elementals
  3 tarantellas (Lair:2)
  6 wraiths
  An ettin skeleton (D:15)
  A spriggan (shapeshifter) (D:12)
  A water elemental (Elf:3)
  5 wyverns
  2 shadows
  A basilisk (shapeshifter) (D:13)
  31 yaks
  2 vampires
  2 hogs (shapeshifter)
  A human (shapeshifter) (Elf:3)
  4 fire elementals
  5 basilisks
  10 vampire mosquitoes
  3 wargs
  A swamp worm (shapeshifter) (Elf:2)
  4 acid dragons
  37 nagas
  20 swamp worms
  5 hell hounds (Lair:6)
  A floating eye (Slime:3)
  24 water moccasins
  7 swamp drakes (Swamp:4)
  2 sky beasts
  29 orc warriors
  3 black bears
  29 ogres
  3 necrophages
  19 wolves
  12 centaurs
  A kobold brigand (D:8)
  Blork the orc (D:5)
  12 bullfrogs
  2 earth elementals (Elf:2)
  A scorpion (D:4)
  10 killer bees
  7 wights (D:5)
  5 howler monkeys
  10 electric eels
  4 lava snakes (Lair:2)
  A bullfrog zombie (D:6)
  A jelly (D:5)
  3 centaur zombies
  6 orc priests
  2 hounds
  2 centaur skeletons
  3 iguanas
  17 orc wizards
  A hound skeleton (D:4)
  A howler monkey zombie (D:6)
  16 adders
  6 gnolls
  A howler monkey skeleton (D:5)
  A white imp (D:7)
  5 ufetubi (Gauntlet)
  2 worms (D:2)
  2 dart slugs (D:3)
  89 orcs
  4 ball pythons
  4 endoplasms
  2 giant cockroaches (D:1)
  10 goblins
  10 hobgoblins
  6 jackals (D:2)
  3 quokkas
  4 bats
  4 frilled lizards
  9 kobolds
  3 rats
  9 briar patches (Swamp:1)
1281 creatures vanquished.

Vanquished Creatures (others)
  A hydra (Swamp:2)
  An alligator (Swamp:2)
  A vampire mage (D:15)
  A deep elf knight (Elf:1)
  2 bog bodies
  A naga mage (Snake:4)
  6 bloated husks
  A naga (Snake:1)
  5 briar patches
  8 foxfires
  15 fungi
  32 plants
  4 toadstools (Swamp:3)
  4 withered plants (D:15)
82 creatures vanquished.

Grand Total: 1363 creatures vanquished

Notes
Turn   | Place    | Note
-------+----------+-------------------------------------------
     0 | D:1      | ytrimaz the Formicid Fighter began the quest for the Orb.
     0 | D:1      | Reached XP level 1. HP: 18/18 MP: 1/1
    64 | D:1      | Found a faded altar of an unknown god.
   152 | D:1      | Reached XP level 2. HP: 24/24 MP: 2/2
   501 | D:1      | Reached XP level 3. HP: 30/30 MP: 3/3
  1099 | D:2      | Reached skill level 1 in Maces & Flails
  1099 | D:2      | Reached XP level 4. HP: 37/37 MP: 4/4
  1938 | D:2      | Reached XP level 5. HP: 42/42 MP: 5/5
  2302 | D:2      | Reached skill level 3 in Axes
  2492 | D:3      | Noticed a necrophage
  2514 | D:3      | Killed a necrophage
  2515 | D:3      | Reached XP level 6. HP: 32/48 MP: 6/6
  2636 | D:3      | Found a transporter.
  2650 | D:3      | Reached skill level 4 in Axes
  2656 | D:3      | Noticed lawman0's ghost (weakling DsVM)
  2695 | D:3      | Found a transporter.
  2792 | D:3      | Noticed a black bear
  2805 | D:3      | Killed a black bear
  2806 | D:3      | Reached skill level 5 in Armour
  3489 | D:4      | Found an opulent altar of Gozag.
  3493 | D:4      | Noticed a necrophage
  3509 | D:4      | Killed a necrophage
  3510 | D:4      | Reached skill level 5 in Axes
  3510 | D:4      | Reached XP level 7. HP: 55/55 MP: 7/7
  4310 | D:5      | Entered Level 5 of the Dungeon
  4350 | D:5      | Found Zin's Purification Station.
  4351 | D:5      | Found a glowing silver altar of Zin.
  4382 | D:5      | Found a broken altar of Ashenzari.
  4396 | D:5      | Reached skill level 6 in Axes
  4470 | D:5      | Reached XP level 8. HP: 36/61 MP: 8/8
  4884 | D:5      | Found a staircase to the Ecumenical Temple.
  4913 | D:5      | Reached skill level 7 in Axes
  4917 | D:5      | Reached skill level 5 in Fighting
  5070 | Temple   | Entered the Ecumenical Temple
  5214 | Temple   | Became a worshipper of Warmaster Okawaru
  5349 | D:5      | Reached skill level 8 in Axes
  5399 | D:5      | Noticed Blork the orc
  5408 | D:5      | Killed Blork the orc
  5579 | D:6      | Found Mawahici's Armour Shoppe.
  5729 | D:6      | Reached XP level 9. HP: 66/68 MP: 9/9
  5764 | D:6      | Reached * piety under Okawaru
  5955 | D:6      | Reached skill level 9 in Axes
  6265 | D:6      | Found a sacrificial altar of Ru.
  6268 | D:6      | Found a shadowy altar of Dithmenos.
  6273 | D:6      | Found a snail-covered altar of Cheibriados.
  6298 | D:7      | Found Imeluneu's Book Shoppe.
  6348 | D:7      | Found a flagged portal.
  6372 | Bailey   | Entered a bailey
  6914 | Bailey   | Reached skill level 10 in Axes
  8248 | Bailey   | Reached ** piety under Okawaru
  8397 | Bailey   | Reached skill level 1 in Invocations
  8459 | Bailey   | Found the +8 trident of the Octopus King {venom, rElec
                  | rPois Will+}
  8464 | Bailey   | Reached XP level 10. HP: 76/76 MP: 10/10
  8521 | Bailey   | Reached skill level 11 in Axes
  9147 | D:7      | Acquired a +3 executioner's axe of holy wrath
  9448 | D:7      | Reached skill level 1 in Polearms
  9847 | D:8      | Noticed a two-headed ogre
  9855 | D:8      | Killed a two-headed ogre
  9855 | D:8      | Reached *** piety under Okawaru
 10178 | D:8      | Found a hazy altar of Hepliaklqana.
 10789 | D:9      | Noticed a two-headed ogre
 10796 | D:9      | Killed a two-headed ogre
 10797 | D:9      | Reached skill level 12 in Axes
 10797 | D:9      | Reached XP level 11. HP: 52/84 MP: 11/14
 11207 | D:9      | Reached **** piety under Okawaru
 11760 | D:9      | Found a staircase to the Lair.
 11804 | D:9      | Reached skill level 5 in Invocations
 12083 | D:10     | Entered Level 10 of the Dungeon
 12090 | D:10     | Received a gift from Okawaru
 12098 | D:10     | Reached skill level 13 in Axes
 12420 | D:10     | Found a staircase to the Orcish Mines.
 12450 | D:10     | Noticed a two-headed ogre
 12456 | D:10     | Reached skill level 14 in Axes
 12456 | D:10     | Reached XP level 12. HP: 55/94 MP: 13/18
 12459 | D:10     | Killed a two-headed ogre
 12459 | D:10     | Received a gift from Okawaru
 12700 | D:10     | Found a runed translucent gate.
 12700 | D:10     | Found a runed translucent gate.
 12700 | D:10     | Found a runed translucent gate.
 12701 | D:10     | Noticed ytrimaz's ghost (journeyman FoFi)
 12702 | D:10     | Noticed a great orb of eyes
 12709 | D:10     | Found a viscous altar of Jiyva.
 13158 | D:11     | Noticed a five-headed hydra
 13167 | D:11     | Killed a one-headed hydra
 13633 | D:11     | Noticed a two-headed ogre
 13648 | D:11     | Killed a two-headed ogre
 13979 | D:12     | Noticed a centaur warrior
 14003 | D:12     | Killed a centaur warrior
 14004 | D:12     | Reached skill level 15 in Axes
 14297 | D:12     | Found a hide-covered altar of Uskayaw.
 14307 | D:12     | Reached XP level 13. HP: 95/101 MP: 19/19
 14510 | D:12     | Found a portal to a secret trove of treasure.
 14533 | D:12     | Noticed Psyche
 14543 | D:12     | Killed Psyche
 14646 | D:12     | Noticed a boulder beetle
 14663 | D:12     | Killed a boulder beetle
 14994 | D:13     | Found a gate to the Vaults.
 14994 | D:13     | Noticed a vault guard
 14994 | D:13     | Noticed a vault guard
 14994 | D:13     | Noticed a vault guard
 14994 | D:13     | Noticed a vault guard
 15004 | D:13     | Killed a vault guard
 15007 | D:13     | Killed a vault guard
 15009 | D:13     | Killed a vault guard
 15010 | D:13     | Reached skill level 10 in Armour
 15016 | D:13     | Killed a vault guard
 15022 | D:13     | Reached ***** piety under Okawaru
 15023 | D:13     | Reached skill level 16 in Axes
 16047 | D:13     | You fall into a shaft and drop 1 floor!
 16490 | D:14     | Acquired the +6 plate armour "Vipra" {Will+ Str+3}
 16604 | D:14     | Reached skill level 10 in Invocations
 16850 | D:13     | Noticed Frances
 16860 | D:13     | Killed Frances
 16860 | D:13     | Received a gift from Okawaru
 17339 | D:13     | Noticed a centaur warrior
 17365 | D:13     | Killed a centaur warrior
 17391 | D:13     | Reached XP level 14. HP: 73/109 MP: 14/21
 17661 | D:13     | Received a gift from Okawaru
 17662 | D:13     | Reached skill level 17 in Axes
 17764 | D:13     | Reached skill level 5 in Shields
 18635 | D:14     | Identified the +8 long sword "Mobi" {venom, Stlth+}
 20036 | D:13     | Reached skill level 10 in Fighting
 21139 | D:14     | Found a runed translucent door.
 21456 | D:14     | Noticed ytrimaz's ghost (journeyman FoFi)
 21484 | D:14     | Killed ytrimaz's ghost
 21487 | D:14     | Identified the +6 quarterstaff of Obsession {vamp, rPois
                  | SInv}
 21888 | D:15     | Entered Level 15 of the Dungeon
 21888 | D:15     | Found an iron altar of Okawaru.
 21966 | D:15     | Found a gate leading to a gauntlet.
 21979 | D:15     | Identified the +0 helmet "Waytax" {rElec Regen+ Str-4}
 21986 | Gauntlet | Entered a Gauntlet
 21986 | Gauntlet | Found a transporter.
 21986 | Gauntlet | Found a transporter.
 21995 | Gauntlet | Found a transporter.
 21998 | Gauntlet | Found a transporter.
 22009 | Gauntlet | Found a transporter.
 22010 | Gauntlet | Found a transporter.
 22018 | Gauntlet | Found a transporter.
 22035 | Gauntlet | Found a transporter.
 22049 | Gauntlet | Found a transporter.
 22061 | Gauntlet | Found a transporter.
 22065 | Gauntlet | Found a transporter.
 22139 | Gauntlet | Found a transporter.
 22150 | Gauntlet | Reached skill level 18 in Axes
 22407 | Gauntlet | Identified the amulet of Vole {Spirit Regen+ Dex+3}
 22591 | Gauntlet | Noticed a minotaur
 22599 | Gauntlet | Killed a minotaur
 22673 | D:15     | Identified the +4 war axe "Biwkut" {freeze, Will- Str+3
                  | Stlth+} (Okawaru gifted it to you on level 15 of the
                  | Dungeon)
 22673 | D:15     | Received a gift from Okawaru
 22747 | D:15     | Reached XP level 15. HP: 98/117 MP: 15/22
 22881 | D:15     | Noticed Rupert
 23826 | D:15     | Found a staircase to the Depths.
 23997 | D:15     | Reached skill level 19 in Axes
 24090 | D:15     | Noticed Agnes
 24099 | D:15     | Killed Agnes
 24229 | D:15     | Killed Rupert
 24571 | Lair:1   | Entered Level 1 of the Lair of Beasts
 24626 | Lair:1   | Found a blossoming altar of Fedhas.
 25585 | Lair:2   | Identified the +5 scale mail of Odyvus {rElec Will+}
                  | (Okawaru gifted it to you on level 2 of the Lair of Beasts)
 25585 | Lair:2   | Received a gift from Okawaru
 26080 | Lair:2   | Found a runed translucent door.
 26272 | Lair:2   | Identified the +3 whip of Gravity {venom, rElec rC+ Will+
                  | rCorr}
 26273 | Lair:2   | Found a runed translucent gate.
 26273 | Lair:2   | Found a runed translucent gate.
 26273 | Lair:2   | Found a runed translucent gate.
 26273 | Lair:2   | Found a runed translucent gate.
 26273 | Lair:2   | Found a runed translucent gate.
 26273 | Lair:2   | Found a runed translucent gate.
 26332 | Lair:2   | Identified the ring "Nahykkag" {rElec rN+ Will+ MP+9
                  | Slay-3}
 26519 | Lair:3   | Reached XP level 16. HP: 107/127 MP: 23/23
 26594 | Lair:3   | Reached skill level 20 in Axes
 27682 | Lair:4   | Found a staircase to the Swamp.
 27927 | Lair:4   | Found a staircase to the Snake Pit.
 29131 | Lair:6   | Entered Level 6 of the Lair of Beasts
 29274 | Lair:6   | Reached ****** piety under Okawaru
 29351 | Lair:6   | Received a gift from Okawaru
 29352 | Lair:6   | Reached skill level 10 in Shields
 29488 | Lair:6   | Found a burning altar of Makhleb.
 29543 | Lair:6   | Found a gateway to Hell.
 29660 | Lair:6   | Received a gift from Okawaru
 29683 | Lair:6   | Reached XP level 17. HP: 72/135 MP: 13/24
 29793 | Lair:6   | Found a staircase to the Slime Pits.
 29794 | Lair:6   | Found a viscous altar of Jiyva.
 30190 | Lair:6   | Got the Incunabulum of the Thoughtful Yaks
 30350 | Orc:1    | Entered Level 1 of the Orcish Mines
 30464 | Orc:1    | Reached skill level 21 in Axes
 30706 | Orc:2    | Entered Level 2 of the Orcish Mines
 30706 | Orc:2    | Noticed Josephine
 30707 | Orc:2    | Found a staircase to the Elven Halls.
 30716 | Orc:2    | Killed Josephine
 30872 | Orc:2    | Found Oxzimotu's Antique Weapon Shop.
 30872 | Orc:2    | Found Izxem's Jewellery Shoppe.
 30880 | Orc:2    | Found Nelig's Distillery.
 30880 | Orc:2    | Found Labyji Tiula's Armour Boutique.
 30975 | Orc:2    | Noticed Saint Roka
 30982 | Arena    | Entered the Arena
 31002 | Arena    | Killed Saint Roka
 31277 | Orc:2    | Received a gift from Okawaru
 31583 | Orc:2    | Bought a polished trident for 263 gold pieces
 31583 | Orc:2    | Identified the +8 trident of Demand {venom, rElec rF++
                  | Int+5} (You bought it in a shop on level 2 of the Orcish
                  | Mines)
 31609 | Elf:1    | Entered Level 1 of the Elven Halls
 31963 | Elf:1    | Found Yminweha's Antique Weapon Shop.
 32083 | Elf:1    | Bought an ebony trident for 289 gold pieces
 32083 | Elf:1    | Identified the +3 trident of the Disturbing Allies {elec,
                  | Dex+2} (You bought it in a shop on level 1 of the Elven
                  | Halls)
 33185 | Elf:1    | Reached XP level 18. HP: 119/145 MP: 26/26
 33191 | Elf:1    | Received a gift from Okawaru
 33563 | Elf:2    | Identified the +2 ring mail of the Saviour {Dex+4}
 33631 | Elf:2    | Noticed Jorgrun
 33652 | Elf:2    | Killed Jorgrun
 33821 | Elf:2    | Found a runed translucent gate.
 33821 | Elf:2    | Found a runed translucent gate.
 33826 | Elf:2    | Found a runed translucent gate.
 34026 | Elf:2    | Noticed a deep elf blademaster
 34043 | Elf:2    | Killed a deep elf blademaster
 34051 | Elf:2    | Received a gift from Okawaru
 34568 | Elf:3    | Entered Level 3 of the Elven Halls
 35570 | Elf:3    | Noticed a deep elf blademaster
 35603 | Elf:3    | Killed a deep elf blademaster
 35612 | Elf:3    | Killed a ghostly deep elf blademaster
 35792 | Elf:3    | Noticed a deep elf master archer
 35801 | Arena    | Entered the Arena
 35819 | Arena    | HP: 7/145 [deep elf master archer/arrow (24)]
 35828 | Arena    | Killed a deep elf master archer
 35867 | Elf:3    | Reached XP level 19. HP: 97/154 MP: 3/27
 35907 | Elf:3    | Reached skill level 22 in Axes
 36226 | Elf:3    | Noticed a deep elf blademaster
 36227 | Elf:3    | Noticed a deep elf blademaster
 36308 | Elf:2    | Killed a deep elf blademaster
 36471 | Elf:2    | Killed a deep elf blademaster
 36751 | Elf:3    | Received a gift from Okawaru
 36760 | Elf:3    | Reached skill level 15 in Armour
 36947 | Elf:3    | Reached skill level 15 in Shields
 37175 | Elf:3    | Noticed a deep elf blademaster
 37177 | Elf:3    | Reached skill level 15 in Fighting
 37199 | Elf:3    | Killed a deep elf blademaster
 37450 | Elf:3    | Identified the ring "Zusyo" {Will+ MP+9 Int-3 Dex+8 Slay+2}
 37452 | Elf:3    | Identified the +4 scale mail of the Apothecary {rElec rC+}
 37452 | Elf:3    | Identified the ring "Riofo" {rElec rF+ Will+ Int+3 Dex-5}
 37452 | Elf:3    | Noticed a deep elf blademaster
 37505 | Elf:3    | Killed a deep elf blademaster
 37653 | Elf:3    | Identified the ring "Waokluss" {Wiz rN+ Str+2 Stlth+}
 37760 | Elf:3    | Identified the +8 hand crossbow "Julenlij" {venom, Drain
                  | rElec rC+ rN+}
 37770 | Elf:3    | Got the Tome of Toxins and Transmutation
 37920 | Elf:3    | Got the Tome of Displaced Summoning
 38233 | Snake:1  | Entered Level 1 of the Snake Pit
 38377 | Snake:1  | Noticed Asterion
 38401 | Snake:1  | Killed Asterion
 38619 | Snake:1  | Noticed Aizul
 38629 | Snake:1  | Killed Aizul
 38629 | Snake:1  | Received a gift from Okawaru
 38729 | Snake:1  | Reached skill level 23 in Axes
 38744 | Snake:1  | Noticed Louise
 38761 | Snake:1  | Killed Louise
 39615 | Snake:2  | Noticed jasper's ghost (adept DsAr)
 39618 | Snake:2  | Found a bloodstained altar of Trog.
 39653 | Snake:2  | Received a gift from Okawaru
 39771 | Snake:2  | Noticed Nikola
 39785 | Snake:2  | Killed Nikola
 40369 | Snake:2  | Found a transporter.
 40378 | Snake:2  | Found a transporter.
 40436 | Snake:2  | Noticed Vashnia
 40447 | Snake:2  | Killed Vashnia
 40448 | Snake:2  | Reached XP level 20. HP: 152/164 MP: 27/28
 41053 | Snake:3  | Found Fiyroc's General Store.
 41059 | Snake:3  | Bought a +2 cloak of preservation for 365 gold pieces
 41215 | Snake:3  | Found Maahoer's Jewellery Shop.
 41466 | Snake:3  | Found Ybehexes's Jewellery Shoppe.
 41481 | Snake:3  | Bought the ring of Shadows {Umbra +Inv Stlth+} for 520 gold
                  | pieces
 41481 | Snake:3  | Found the ring of Shadows {Umbra +Inv Stlth+}
 41575 | Snake:3  | Found Raphe's Armour Emporium.
 41630 | Snake:3  | Found Zusy's Antique Weapon Emporium.
 41701 | Snake:4  | Entered Level 4 of the Snake Pit
 41785 | Snake:4  | Received a gift from Okawaru
 41805 | Snake:4  | Found a hazy altar of Hepliaklqana.
 41813 | Snake:4  | Found a flickering gateway to a bazaar.
 41822 | Bazaar   | Entered a bazaar
 41823 | Bazaar   | Found Siskaoca's Distillery.
 41823 | Bazaar   | Found Ileofoxt's Distillery.
 41824 | Bazaar   | Found Yzuza's Book Emporium.
 41838 | Bazaar   | Found Xidoha's Distillery.
 41880 | Bazaar   | Bought a potion of curing for 33 gold pieces
 41880 | Bazaar   | Bought a potion of curing for 33 gold pieces
 41880 | Bazaar   | Bought a potion of curing for 33 gold pieces
 41880 | Bazaar   | Bought a potion of might for 44 gold pieces
 41891 | Bazaar   | Bought a potion of curing for 42 gold pieces
 41891 | Bazaar   | Bought a potion of heal wounds for 70 gold pieces
 41891 | Bazaar   | Bought 2 potions of resistance for 280 gold pieces
 41891 | Bazaar   | Bought a potion of curing for 42 gold pieces
 41891 | Bazaar   | Bought a potion of mutation for 112 gold pieces
 41891 | Bazaar   | Bought a potion of resistance for 140 gold pieces
 41899 | Bazaar   | Bought a potion of might for 56 gold pieces
 41914 | Bazaar   | Bought a potion of might for 32 gold pieces
 41914 | Bazaar   | Bought a potion of curing for 24 gold pieces
 41914 | Bazaar   | Bought a potion of heal wounds for 40 gold pieces
 41914 | Bazaar   | Bought a potion of curing for 24 gold pieces
 41914 | Bazaar   | Bought a potion of heal wounds for 40 gold pieces
 41914 | Bazaar   | Bought a potion of resistance for 80 gold pieces
 41914 | Bazaar   | Bought a potion of curing for 24 gold pieces
 42364 | Snake:4  | Got a serpentine rune of Zot
 42591 | Snake:4  | Found Pyoneuc's General Store.
 42591 | Snake:4  | Found Sienutt's Magic Scroll Boutique.
 42598 | Snake:4  | Bought a scroll of enchant armour for 97 gold pieces
 42732 | Snake:4  | Found Mauxexec's Weapon Emporium.
 42733 | Snake:4  | Found Xynuduv's Jewellery Shop.
 42792 | Snake:4  | Reached XP level 21. HP: 129/177 MP: 29/29
 43328 | Swamp:1  | Entered Level 1 of the Swamp
 43585 | Swamp:1  | Identified the +5 storm dragon scales "Quereudgh" {rElec
                  | Int+3} (Okawaru gifted it to you on level 1 of the Swamp)
 43585 | Swamp:1  | Received a gift from Okawaru
 44297 | Swamp:2  | You fall into a shaft and drop 1 floor!
 44559 | Swamp:2  | You fall into a shaft and drop 1 floor!
 45217 | Swamp:4  | Entered Level 4 of the Swamp
 45339 | Swamp:4  | Noticed the 27-headed Lernaean hydra
 45347 | Swamp:4  | Killed the 22-headed Lernaean hydra
 45352 | Swamp:4  | Got a decaying rune of Zot
 46033 | Slime:1  | Entered Level 1 of the Pits of Slime
 46048 | Slime:1  | Received a gift from Okawaru
 46056 | Slime:1  | Reached XP level 22. HP: 184/192 MP: 30/30
 46334 | Slime:3  | Found a viscous altar of Jiyva.
 46797 | Slime:5  | Entered Level 5 of the Pits of Slime
 47179 | Slime:5  | Gained mutation: You occasionally shout uncontrollably at
                  | your foes. [a shining eye]
 47201 | Slime:5  | Noticed the Royal Jelly
 47314 | Slime:5  | Found a viscous altar of Jiyva.
 47384 | Arena    | Entered the Arena
 47385 | Arena    | Killed the Royal Jelly
 47423 | Slime:5  | Slain by an azure jelly

Illustrated notes

Levels and vault maps discovered:
D:1:      evilmike_arrival_rings, layout_basic,
          hellmonk_ecumenical_altar_blasted, serial_rivers,
          chequers_serial_rivers_micro_b, chequers_serial_rivers_micro_a,
          chequers_serial_rivers_small_a, chequers_serial_rivers_micro_e,
          chequers_serial_rivers_room_a
D:2:      layout_basic, grunt_ministairs_2, minmay_randomly_rotated_circles
D:3:      layout_basic, gammafunk_ghost_stat_death
D:4:      layout_basic, overflow_temple_1_default
D:5:      layout_loops_ring, zin_purify, nicolae_overflow_crystal_walls,
          minmay_temple_entry_glass, uniq_blork_the_orc
D:6:      layout_loops_ring, grunt_temple_overflow_diamond, serial_shops,
          nicolae_stop_n_shop_1
D:7:      layout_basic, enter_bailey_4, serial_shops, nicolae_stop_n_shop_2
D:8:      layout_loops_cross, overflow_temple_1_default,
          minmay_misc_feat_ornament
D:9:      layout_stronghold, lair_entry_dummy, grunt_decor_cap,
          minmay_misc_feat_cross
D:10:     layout_roguey, david_orc_2, gammafunk_ghost_ooze, minivault_16
D:11:     layout_big_octagon, serial_bayou_crossing
D:12:     statuecave_lemuel, layout_cave_pools, enter_trove_6,
          nicolae_uskayaw_murder_on_the_dancefloor, uniq_psyche
D:13:     layout_grid_maze, lightli_vaults_fourway_checkpoint, grunt_tough_drop,
          uniq_frances
D:14:     layout_basic, gammafunk_ghost_grave, hangedman_decor_lopped,
          minmay_circle_x
D:15:     gammafunk_depths_entry_grave, layout_irregular_city,
          okawaru_ov_weapons_minmay, gauntlet_entry_generic, uniq_agnes,
          uniq_rupert
Temple:   regret_index_temple_waves
Lair:1:   layout_cave_pods, hangedman_tree_tricks, grunt_megastairs_4
Lair:2:   gammafunk_indiana_jones, layout_gridlike, minmay_lair_oklob_bushes
Lair:3:   layout_roguey
Lair:4:   layout_regular_city, minmay_swamp_entry_eels,
          minmay_snake_entry_six_corridors
Lair:5:   layout_regular_city, minivault_27
Lair:6:   evil_forest, layout_long_grid, slime_altar_1
Swamp:1:  layout_falls_marsh, evilmike_swamp_ruin_house_6,
          nicolae_swamp_no_escape, infiniplex_staircase_pool
Swamp:2:  nicolae_swamp_husk_halls, layout_basic_swamp,
          evilmike_swamp_ruin_rubble_1, infiniplex_staircase_pool_2
Swamp:3:  cheibrodos_swamp_tower_of_moss, layout_falls_marsh,
          evilmike_swamp_ruin_house_4, swamp_pool1, grunt_hermit_hut
Swamp:4:  grunt_swamp_rune_castle, layout_basic_swamp, swamp_pool4
Snake:1:  nicolae_snake_crotalidae_crossing, layout_chambers, uniq_asterion,
          uniq_aizul, uniq_louise
Snake:2:  layout_layer_cave, gammafunk_ghost_wrathful_warriors,
          serial_bayou_shore_b, grunt_megastairs_1, uniq_vashnia, uniq_nikola
Snake:3:  layout_misc_corridors, serial_shops, shop, nicolae_lakefront_shop,
          shop_statue, nicolae_lakefront_shop, nicolae_shop_stone
Snake:4:  snake_hunt, layout_cave_town, serial_shops, bzr_entry_dummy,
          basic_altar, grunt_ministairs_3, st_stairs_7,
          nicolae_snake_serpentine_bazaar
Slime:1:  layout_caves
Slime:2:  layout_caves
Slime:3:  layout_caves, basic_altar
Slime:4:  layout_caves
Slime:5
Orc:1:    layout_caves
Orc:2:    st_orc_ogre_mass, layout_caves, basic_altar, uniq_saint_roka,
          uniq_josephine
Elf:1:    nicolae_elf_arrival_no_cutting_in_line, layout_onion_city,
          serial_shops, nicolae_shop_crystal, evilmike_minifort
Elf:2:    elven_hall_of_blades_hangedman_original [grunt_blade_entry_basic],
          layout_loops_cross, uniq_jorgrun
Elf:3:    minmay_elf_hall, layout_loops_corners, grunt_megastairs_5

Skill      XL: |  1  2  3  4  5  6  7  8  9 10 11 12 13 14 15 16 17 18 19 20 21 22 |
---------------+-------------------------------------------------------------------+-----
Armour         | 4 5 6 8 9 10 11 12 13 14 15 17 18 19 | 19.6
Maces & Flails | 1 |  1.1
Fighting       | 4 5 6 7 8 9 10 11 12 13 14 15 18 20 21 | 21.5
Axes           | 3 5 6 8 10 12 14 15 16 18 19 20 21 23 | 23.8
Invocations    | 1 4 8 10 11 | 11.0
Polearms       | 2 3 4 |  4.9
Shields        | 4 6 8 11 12 14 15 | 15.0
Evocations     | |  0.4

Action                   |  1- 3 |  4- 6 |  7- 9 | 10-12 | 13-15 | 16-18 | 19-21 | 22-24 || total
-------------------------+-------+-------+-------+-------+-------+-------+-------+-------++-------
Melee: War axe           |    38 |   162 |   256 |       |       |       |       |       ||   456
       Whip              |    15 |    33 |       |       |       |       |       |       ||    48
       Halberd           |       |       |    23 |       |       |       |       |       ||    23
       Spear             |       |       |    21 |       |       |       |       |       ||    21
       Glaive            |       |       |    14 |    39 |       |       |       |       ||    53
       Trident           |       |       |       |    49 |    27 |    54 |       |       ||   130
       Executioner's axe |       |       |       |    37 |    64 |    81 |   606 |       ||   788
       Battleaxe         |       |       |       |   149 |   627 |   923 |   557 |   170 ||  2426
Throw: Throwing net      |       |       |     1 |       |       |       |       |       ||     1
Invok: Heroism           |       |       |     6 |    18 |    27 |    26 |    30 |     2 ||   109
       Finesse           |       |       |       |     1 |    11 |     8 |    12 |     2 ||    34
       Duel              |       |       |       |       |       |     2 |       |     1 ||     3
 Abil: Dig               |     3 |       |     2 |     1 |     2 |    13 |    15 |       ||    36
Evoke: Wand              |       |       |     4 |       |       |       |       |       ||     4
  Use: Scroll            |       |     5 |     9 |     7 |     8 |    14 |     4 |       ||    47
       Potion            |       |     2 |     1 |     2 |     4 |    14 |     1 |     3 ||    27
 Stab: Held in net/web   |       |       |     1 |       |       |       |       |       ||     1
       Paralysed         |       |       |     1 |       |       |       |       |       ||     1
       Invisible         |       |       |       |       |       |     1 |       |       ||     1
Armor: Scale mail        |    32 |   122 |    12 |       |       |       |       |       ||   166
       Fire dragon scale |       |       |   165 |   157 |    11 |    25 |       |       ||   358
       Plate armour      |       |       |       |    72 |   459 |   513 |   579 |    90 ||  1713
       Skin              |       |       |       |       |       |       |       |     8 ||     8
Dodge: Dodged            |    19 |   118 |   168 |   174 |   221 |   297 |   266 |    33 ||  1296
Block: Buckler           |    14 |    43 |    73 |    78 |   180 |    54 |       |       ||   442
       Reflection        |       |       |       |       |     3 |       |       |       ||     3
       Kite shield       |       |       |       |       |       |   523 |   142 |       ||   665
       Tower shield      |       |       |       |       |       |       |   970 |   161 ||  1131

Table legend: (Time is in decaauts)
 A = Elapsed time spent in this place.
 B = Non-inter-level travel time spent in this place.
 C = Inter-level travel time spent in this place.
 D = Time resting spent in this place.
 E = Time spent auto-exploring this place.
 F = Levels seen in this place.
 G = Mean time per level.
                   A        B        C        D        E       F      G
               +--------+--------+--------+--------+--------+-----+--------+
         Total |  46696 |  44488 |   2208 |  11481 |  22973 |  46 | 1015.1 |
       Dungeon |  21284 |  20270 |   1014 |   6442 |  10404 |  15 | 1418.9 |
        Temple |    161 |    138 |     23 |      0 |    117 |   1 |  161.0 |
          Lair |   5516 |   4947 |    569 |     73 |   3799 |   6 |  919.3 |
         Swamp |   2685 |   2541 |    144 |    199 |   1608 |   4 |  671.2 |
     Snake Pit |   4754 |   4563 |    191 |    407 |   3036 |   4 | 1188.5 |
    Slime Pits |   1284 |   1252 |     32 |    298 |    612 |   5 |  256.8 |
  Orcish Mines |   1163 |   1104 |     59 |     78 |    781 |   2 |  581.5 |
   Elven Halls |   6217 |   6043 |    174 |   2128 |   2123 |   3 | 2072.3 |
        Bazaar |     98 |     98 |      0 |      0 |      0 |   1 |   98.0 |
        Bailey |   2788 |   2788 |      0 |   1558 |    242 |   1 | 2788.0 |
      Gauntlet |    609 |    609 |      0 |    212 |    250 |   1 |  609.0 |
         Arena |    132 |    132 |      0 |     85 |      0 |   3 |   44.0 |
               +--------+--------+--------+--------+--------+-----+--------+

Top non-repeatable levels by time:
    D:13: 4908 daAuts
    D:14: 2820 daAuts
  Bailey: 2788 daAuts
   Elf:3: 2779 daAuts
   Elf:1: 1831 daAuts
   Elf:2: 1606 daAuts
     D:9: 1513 daAuts
     D:2: 1376 daAuts
 Snake:1: 1330 daAuts
 Snake:4: 1313 daAuts
 Snake:2: 1298 daAuts
     D:5: 1170 daAuts
    D:15: 1163 daAuts
    D:12: 1150 daAuts
     D:3: 1083 daAuts
